 Dungeon Crawl Stone Soup version 0.28-a0-1447-ga5a8893891 (webtiles) character file.

Game seed: 8095695391727030964

3648 agentchuck the Cleaver (level 10, -2/86 HPs)
             Began as a Ghoul Gladiator on Jan 11, 2022.
             Was a Follower of Makhleb.
             Slain by a meliai (8 damage)
             ... on level 8 of the Dungeon.
             The game lasted 00:23:15 (9744 turns).

agentchuck the Cleaver (Ghoul Gladiator)            Turns: 9744, Time: 00:23:16

Health: -2/86      AC: 17    Str: 21    XL:     10   Next: 12%
Magic:  9/9        EV:  7    Int:  3    God:    Makhleb [*.....]
Gold:   232        SH:  0    Dex: 12    Spells: 9/9 levels left

rFire   . . .      SeeInvis .   w - +2 war axe
rCold   + + .      Faith    .   (no shield)
rNeg    + + +      Spirit   .   E - +0 plate armour
rPois   ∞          Reflect  .   c - +1 helmet
rElec   .          Harm     .   g - +0 cloak
rCorr   .          Rampage  .   (no gloves)
Will    .....                   s - +1 pair of boots
Stlth   ..........              (no amulet)
HPRegen 0.00/turn               C - ring of protection from cold
MPRegen 0.11/turn               Z - ring of wizardry

@: mighty, about to teleport, weak-willed, inhibited regen
A: claws 1, cold resistance 1, negative energy resistance 3, inhibited
regeneration, torment resistance 2
a: Renounce Religion


You were on level 8 of the Dungeon.
You worshipped Makhleb.
Makhleb was aware of your devotion.
You visited 2 branches of the dungeon, and saw 9 of its levels.

You collected 316 gold pieces.
You spent 84 gold pieces at shops.


Innate Abilities, Weirdness & Mutations

You thrive by killing the living.
You are immune to poison.
You have sharp fingernails.
Your flesh is cold resistant. (rC+)
You are immune to negative energy. (rN+++)
You do not regenerate when monsters are visible.
You are immune to unholy pain and torment.


   Skills:
 + Level 7.1 Fighting
 * Level 10.7 Axes
 - Level 1.7 Throwing
 - Level 4.0 Armour
 - Level 2.6 Dodging
 + Level 3.4 Evocations


You had 9 spell levels left.
You didn't know any spells.
Your spell library contained the following spells:

 Spells                   Type           Power      Damage    Failure   Level
 Static Discharge         Conj/Air       0%         N/A       100%        2
 Lightning Bolt           Conj/Air       0%         1d11      100%        5
 Maxwell's Capacitive Co  Air            0%         ∞         100%        8

Inventory:

Hand Weapons
 a - a +0 broad axe
 e - a +1 hunting sling of freezing
 l - a +0 morningstar
 q - a +2 whip of venom
 w - a +2 war axe (weapon)
Missiles
 b - 2 javelins
 d - 2 throwing nets {=f}
 f - 298 stones (quivered)
 j - 4 boomerangs
 n - 31 poisoned darts
 r - 4 silver javelins
 F - 11 sling bullets
Armour
 c - a +1 helmet (worn)
 g - a +0 cloak (worn)
 s - a +1 pair of boots (worn)
 E - a +0 plate armour (worn)
Jewellery
 C - a ring of protection from cold (left claw)
 Z - a ring of wizardry (right claw)
Wands
 p - a wand of iceblast (7)
 v - a wand of flame (23)
 y - a wand of paralysis (5)
Scrolls
 x - a scroll of identify {@r1}
 B - a scroll of vulnerability {!r}
 D - a scroll of amnesia {unknown}
Potions
 h - a potion of attraction {unknown}
 i - 3 potions of might
 k - a potion of heal wounds {unknown}
 o - a potion of brilliance {unknown}
 t - a potion of invisibility {unknown}
 u - a potion of lignification {unknown}
 z - a potion of magic {unknown}
 A - 2 potions of curing {unknown}
 G - a potion of resistance {unknown}

Dungeon Overview and Level Annotations

Branches:
Dungeon (8/15)             Temple (1/1) D:4            Lair (0/6) D:8

Altars:
Ashenzari
Cheibriados
Dithmenos
Elyvilon
Fedhas
Hepliaklqana
Kikubaaqudgha
Makhleb
Nemelex Xobeh
Okawaru
Qazlal
Ru
Sif Muna
Trog
Uskayaw
Vehumet
Wu Jian
Xom
Zin

Shops:
D:2 [   D:6 =?(   D:8 *

Annotations:
D:7 2 transporters, riojii's ghost, novice DjFE

......#....#.....#....##.### #.##
..............###.....##.#####..#
.........###............ #.......
......#.####..##...#.##..........
.................................
......##########'###.###.........
####### #.....# .###........ #
#.▓y▓.#.....#....... ...
+..@y.c............. ####
#.▓y▓.#.......####.. #.....#
>..... #.. ###+### .... #.. ...
#.. .. #.. . ###


You could see 3 meliai and a centaur.


Message History

Okay, then.
Okay, then.
Aiming: Paralyse
Press: ? - help, Shift-Dir - straight line, f - meliai, p - meliai
Aim: a meliai, wielding a +0 war axe and wearing a +0 leather armour (lightly wounded, weak-willed, chance to affect: 67%)
The meliai struggles to resist.
The meliai closely misses you.
The meliai stings you but does no damage.
The meliai hits you but does no damage. The meliai barely misses you.
The meliai hits you with a +0 war axe.
* * * LOW HITPOINT WARNING * * *
The meliai barely misses you.
As you read the scroll of teleportation {@r4}, it crumbles to dust.
You feel strangely unstable. The meliai barely misses you.
The meliai stings you.
* * * LOW HITPOINT WARNING * * *
The meliai hits you but does no damage. The meliai stings you.
* * * LOW HITPOINT WARNING * * *
The meliai hits you with a +0 war axe!
* * * LOW HITPOINT WARNING * * *
The meliai closely misses you. The meliai completely misses you.
The meliai stings you but does no damage.
The meliai hits you with a +0 hand axe.
* * * LOW HITPOINT WARNING * * *
The meliai stings you but does no damage.
It was a potion of might.
You feel very mighty all of a sudden. The meliai hits you with a +0 war axe.
* * * LOW HITPOINT WARNING * * *
The meliai barely misses you. The meliai hits you with a +0 war axe!
You die...

Skill      XL: |  1  2  3  4  5  6  7  8  9 10 |
---------------+-------------------------------+-----
Axes           | 3 4 6 7 8 9 10 | 10.7
Armour         | 1 3 4 |  4.0
Fighting       | 5 6 7 |  7.1
Evocations     | 3 |  3.4
Throwing       | |  1.7
Dodging        | |  2.6

Action                   |  1- 3 |  4- 6 |  7- 9 | 10-12 || total
-------------------------+-------+-------+-------+-------++-------
Melee: War axe           |   137 |    95 |   271 |    40 ||   543
       Punch             |     1 |     2 |     3 |     1 ||     7
       Dagger            |       |    10 |       |       ||    10
 Fire: Hunting sling     |       |       |    51 |       ||    51
Throw: Stone             |     7 |     9 |    12 |       ||    28
       Boomerang         |       |     5 |       |       ||     5
       Throwing net      |       |     2 |       |       ||     2
       Dart              |       |       |    39 |       ||    39
       Javelin           |       |       |     2 |     4 ||     6
Evoke: Wand              |       |       |     2 |     8 ||    10
  Use: Scroll            |     3 |     1 |     7 |     2 ||    13
       Potion            |       |       |       |     1 ||     1
 Stab: Paralysed         |       |       |       |     3 ||     3
Armor: Leather armour    |    61 |     1 |       |       ||    62
       Ring mail         |       |    11 |       |       ||    11
       Chain mail        |       |    35 |   178 |    15 ||   228
       Plate armour      |       |       |       |    12 ||    12
Dodge: Dodged            |   106 |    44 |   153 |    21 ||   324

Levels and vault maps discovered:
D:1:      roderic_dead_forest, layout_basic, amcnicky_mini_rare_corridor_liquid
D:2:      layout_loops_ring, basic_altar, serial_shops,
          nicolae_shop_temple_entry_statues_fountains
D:3:      layout_rooms, lightli_sewer_entry_pipes, uniq_grinder
D:4:      kennysheep_the_goblin_king, layout_basic,
          minmay_temple_entry_offerings
D:5:      layout_layer_cave, uniq_eustachio
D:6:      hellmonk_destroyed_diamonds, layout_basic,
          grunt_temple_overflow_champion_of_chaos, serial_shops,
          nicolae_shop_bloodbath_and_beyond, nicolae_shop_statue_plus, shop
D:7:      cheibrodos_quashed, layout_rooms, minmay_overflow_temple_star_quad,
          lemuel_crystal_altar, gammafunk_ghost_arena
D:8:      layout_rooms, lair_entry_dummy, serial_shops, kennysheep_little_box
Temple:   nicolae_temple_figure_eight

Notes
Turn   | Place    | Note
-------+----------+-------------------------------------------
     0 | D:1      | agentchuck the Ghoul Gladiator began the quest for the Orb.
     0 | D:1      | Reached XP level 1. HP: 17/17 MP: 0/0
   157 | D:1      | Reached skill level 3 in Axes
   290 | D:1      | Reached XP level 2. HP: 24/24 MP: 1/1
   637 | D:1      | Reached XP level 3. HP: 25/29 MP: 2/2
  1321 | D:2      | Found Timogoin's Armour Emporium.
  1339 | D:2      | Reached skill level 4 in Axes
  1504 | D:2      | Found a radiant altar of Vehumet.
  2111 | D:3      | Noticed Grinder
  2119 | D:2      | HP: 2/29 [gnoll (6)]
  2122 | D:2      | Reached XP level 4. HP: 6/36 MP: 3/3
  2635 | D:3      | Paralysed by Grinder for 7 turns
  2679 | D:3      | Killed Grinder
  2680 | D:3      | Reached skill level 6 in Axes
  2680 | D:3      | Reached XP level 5. HP: 27/41 MP: 4/4
  2680 | D:3      | Reached XP level 6. HP: 32/48 MP: 5/5
  3595 | D:4      | Reached skill level 7 in Axes
  3595 | D:4      | Reached XP level 7. HP: 55/55 MP: 6/6
  4406 | D:4      | Found a staircase to the Ecumenical Temple.
  4419 | Temple   | Entered the Ecumenical Temple
  4870 | D:5      | Entered Level 5 of the Dungeon
  4973 | D:5      | Noticed Eustachio
  4995 | D:5      | Killed Eustachio
  4996 | D:5      | Reached skill level 8 in Axes
  5371 | D:5      | Reached skill level 1 in Armour
  5371 | D:5      | Reached XP level 8. HP: 33/62 MP: 7/7
  5568 | D:5      | Reached skill level 3 in Fighting
  5997 | D:5      | Reached skill level 2 in Armour
  6630 | D:6      | Reached skill level 4 in Fighting
  6928 | D:6      | Found Ixzeatrok's Weapon Emporium.
  6972 | D:6      | Reached skill level 3 in Armour
  6981 | D:6      | Reached skill level 9 in Axes
  7111 | D:6      | Reached skill level 5 in Fighting
  7111 | D:6      | Reached XP level 9. HP: 60/74 MP: 8/8
  7328 | D:6      | Found Licwat's Jewellery Emporium.
  7430 | D:6      | Found Regacrux's Magic Scroll Shop.
  7477 | D:6      | Found a shimmering altar of Xom.
  7477 | D:6      | Found a burning altar of Makhleb.
  7490 | D:6      | Reached skill level 4 in Armour
  7641 | D:6      | Became a worshipper of Makhleb the Destroyer
  7794 | D:7      | Noticed a meliai
  7803 | D:7      | Noticed riojii's ghost (novice DjFE)
  7943 | D:6      | Reached skill level 1 in Evocations
  8138 | D:7      | Found a transporter.
  8142 | D:7      | Found a transporter.
  8372 | D:7      | Found a stormy altar of Qazlal.
  8377 | D:7      | Reached skill level 6 in Fighting
  8458 | D:7      | Reached skill level 2 in Evocations
  8645 | D:6      | Reached skill level 10 in Axes
  8821 | D:7      | Found a shimmering blue altar of Sif Muna.
  8826 | D:7      | Found a blossoming altar of Fedhas.
  8829 | D:7      | Found a broken altar of Ashenzari.
  9083 | D:8      | Noticed a hornet
  9096 | D:8      | Killed a hornet
  9208 | D:8      | Found a staircase to the Lair.
  9297 | D:8      | Reached skill level 3 in Evocations
  9297 | D:8      | Reached XP level 10. HP: 84/84 MP: 9/9
  9528 | D:7      | Reached skill level 7 in Fighting
  9635 | D:7      | Reached * piety under Makhleb
  9727 | D:8      | Found Ucaysk's Assorted Antiques.
  9732 | D:8      | Bought a cyan potion for 28 gold pieces
  9732 | D:8      | Bought a blue potion for 28 gold pieces
  9732 | D:8      | Bought a golden potion for 28 gold pieces
  9744 | D:8      | HP: 6/86 [meliai (6)]
  9744 | D:8      | Slain by a meliai

Vanquished Creatures
  Grinder (D:3)
  A hornet (D:8)
  Eustachio (D:5)
  4 vampire mosquitoes
  3 water moccasins
  A sky beast (D:5)
  2 orc warriors
  An ice beast (D:6)
  A black bear (D:6)
  2 ogres
  2 phantoms (D:6)
  A kobold brigand (D:8)
  3 bullfrogs
  2 wyvern zombies
  A scorpion (D:6)
  A wyvern skeleton (D:6)
  A water moccasin zombie (D:5)
  A centaur zombie (D:7)
  3 jellies
  A crimson imp (D:6)
  3 hounds
  5 orc priests
  A centaur skeleton (D:4)
  2 iguanas
  3 orc wizards
  3 killer bee zombies
  7 gnolls
  A howler monkey skeleton (D:7)
  10 adders
  A white imp (D:6)
  An adder skeleton (D:4)
  8 worms
  A dart slug (D:3)
  22 orcs
  12 ball pythons
  7 bats
  6 endoplasms
  4 giant cockroaches
  11 goblins
  8 hobgoblins
  2 jackals (D:2)
  15 kobolds
  3 quokkas
  2 frilled lizards (D:3)
  8 rats
179 creatures vanquished.

Table legend: (Time is in decaauts)
 A = Elapsed time spent in this place.
 B = Non-inter-level travel time spent in this place.
 C = Inter-level travel time spent in this place.
 D = Time resting spent in this place.
 E = Time spent auto-exploring this place.
 F = Levels seen in this place.
 G = Mean time per level.
                   A        B        C        D        E       F      G
               +--------+--------+--------+--------+--------+-----+--------+
         Total |   9871 |   9599 |    272 |   2950 |   4395 |   9 | 1096.8 |
       Dungeon |   9651 |   9391 |    260 |   2950 |   4188 |   8 | 1206.4 |
        Temple |    219 |    207 |     12 |      0 |    207 |   1 |  219.0 |
               +--------+--------+--------+--------+--------+-----+--------+

Top non-repeatable levels by time:
     D:5: 1749 daAuts
     D:6: 1659 daAuts
     D:2: 1360 daAuts
     D:1: 1243 daAuts
     D:3: 1090 daAuts
     D:4: 1071 daAuts
     D:7: 951 daAuts
     D:8: 524 daAuts
  Temple: 219 daAuts

Table legend:
 A = Non-vault XP
 B = Vault XP
 C = Vault XP percentage of total XP
 D = Non-vault monster count
 E = Vault monster count
 F = Vault count percentage of total count
                 A         B        C        D         E       F
            +---------+---------+-------+---------+---------+-------
      Total |    4596 |     616 |  11.8 |     157 |      22 |  12.3
            +---------+---------+-------+---------+---------+-------
        D:1 |      46 |       0 |   0.0 |      28 |       0 |   0.0
        D:2 |      49 |       0 |   0.0 |      19 |       0 |   0.0
        D:3 |     143 |     362 |  71.7 |      18 |      13 |  41.9
        D:4 |     232 |      14 |   5.7 |      25 |       7 |  21.9
        D:5 |     707 |     196 |  21.7 |       8 |       1 |  11.1
        D:6 |    1570 |      44 |   2.7 |      27 |       1 |   3.6
        D:7 |    1106 |       0 |   0.0 |      20 |       0 |   0.0
        D:8 |     743 |       0 |   0.0 |      12 |       0 |   0.0
            +---------+---------+-------+---------+---------+-------
